 Dungeon Crawl Stone Soup version 0.20.1-1-g8b1a95d (webtiles) character file.

134549 Somber the Warrior (level 16, 0/179 HPs)
             Began as a Yellow Draconian Berserker on Sept 29, 2017.
             Was the Champion of Trog.
             Succumbed to a wolf spider's poison
             ... on level 3 of the Spider Nest on Sept 30, 2017.
             The game lasted 00:57:23 (23985 turns).

Somber the Warrior (Yellow Draconian Berserker)    Turns: 23985, Time: 00:57:23

Health: 0/179      AC: 16    Str: 21    XL:     16   Next: 62%
Magic:  16/16      EV: 20    Int:  6    God:    Trog [******]
Gold:   1745       SH:  5    Dex: 22    Spells: 15/15 levels left

rFire    . . .     SeeInvis +   P - +5 executioner's axe of Trog's Brutal Revenge {venom, rPois SInv}
rCold    . . .     Gourm    .   (shield currently unavailable)
rNeg     . . .     Faith    .   (armour unavailable)
rPois    +         Spirit   .   X - +0 hat of Wisdom {rPois Regen+ Int-2 Dex+6}
rElec    .         Reflect  +   Z - +2 cloak {MR+}
rCorr    +         Harm     .   B - +3 pair of gauntlets of War {Slay+5}
MR       ++...                  (no boots)
Stlth    ++........             z - +5 amulet of reflection
Regen    0.8/turn               v - +6 ring of slaying
MPRegen  0.2/turn               M - +3 ring of slaying

@: lethally poisoned (0 -> -13), berserk cooldown, very slightly contaminated,
slowed, very slow
A: spit acid, acid resistance, unfitting armour, robust 1, acidic bite,
cold-blooded, AC +9
a: Breathe Acid, Berserk, Trog's Hand, Brothers in Arms, Burn Spellbooks,
Renounce Religion


You were on level 3 of the Spider Nest.
You worshipped Trog.
Trog was exalted by your worship.
You were very hungry.

You visited 4 branches of the dungeon, and saw 26 of its levels.
You also visited: Labyrinth and Sewer.

You collected 1801 gold pieces.
You spent 56 gold pieces at shops.

Inventory:

Hand Weapons
 P - the +5 executioner's axe of Trog's Brutal Revenge (weapon) {venom, rPois SInv}
   (Trog gifted it to you on level 4 of the Spider Nest)

   It poisons the flesh of those it strikes.
   It protects you from poison.
   It lets you see invisible.
 Q - a +1 vampiric executioner's axe
Armour
 B - the +3 pair of gauntlets of War (worn) {Slay+5}
   (You acquired it in a labyrinth)

   It affects your accuracy and damage with ranged weapons and melee attacks
   (+5).
 J - a scarf of spirit shield
 W - the +0 pair of fencer's gloves {+Riposte Dex+3}
   (You found it in a labyrinth)

   It affects your dexterity (+3).
 X - the +0 hat of Wisdom (worn) {rPois Regen+ Int-2 Dex+6}
   (You found it in a labyrinth)

   It affects your intelligence (-2).
   It affects your dexterity (+6).
   It protects you from poison.
   It increases your rate of regeneration.
 Z - a +2 cloak of magic resistance (worn)
Jewellery
 o - an uncursed ring of poison resistance
 q - a +5 ring of protection
 u - an uncursed ring of poison resistance
 v - a +6 ring of slaying (left hand)
 z - a +5 amulet of reflection (around neck)
 G - an uncursed ring of fire
 M - a +3 ring of slaying (right hand)
Wands
 w - a wand of lightning (14/15)
 C - a wand of paralysis (6/24)
 I - a wand of enslavement (6/24)
 K - a wand of clouds (3/9)
 N - a wand of random effects (13/48)
 O - a wand of confusion (33/48)
 S - a wand of lightning (5/15)
 T - a wand of iceblast (10/15)
 Y - a wand of confusion (12/48)
Scrolls
 a - 4 scrolls of recharging
 e - 3 scrolls of teleportation
 s - a scroll of identify
 x - 2 scrolls of enchant weapon
 y - 9 scrolls of remove curse
 E - a scroll of silence
 F - a scroll of fog
 H - 2 scrolls of blinking
 R - 2 scrolls of magic mapping
 U - 5 scrolls of enchant armour
Potions
 d - a potion of magic {unknown}
 g - 3 potions of agility
 h - 10 potions of brilliance
 i - 3 potions of might
 j - 7 potions of flight
 k - 5 potions of lignification {unknown}
 m - 3 potions of berserk rage {unknown}
 n - 10 potions of curing
 t - 5 potions of mutation
 A - 2 potions of invisibility {unknown}
 D - 2 potions of cancellation {unknown}
 L - 3 potions of haste
Books
 V - a book of Transfigurations

   Spells                             Type                      Level
   a - Irradiate                      Conjuration/Transmutation    5
   b - Statue Form                    Transmutation/Earth          6
   c - Hydra Form                     Transmutation                6
   d - Dragon Form                    Transmutation                7
   Trog disapproves of the use of such an item.
Comestibles
 b - 9 bread rations
 c - 19 fruits
 f - 9 royal jellies
 p - 7 meat rations
 r - 2 chunks of flesh


   Skills:
 + Level 20.2 Fighting
 - Level 20.0 Axes
 - Level 9.0 Dodging


You had 15 spell levels left.
You didn't know any spells.

Dungeon Overview and Level Annotations

Branches:
Dungeon (15/15)            Temple (1/1) D:6            Lair (6/6) D:10
 Shoals (0/4) Lair:4       Spider (4/4) Lair:3        Slime (0/5) Lair:5
    Orc (0/2) D:12         Vaults (0/5) D:14         Depths (0/5) D:15

Altars:
Ashenzari
Cheibriados
Dithmenos
Elyvilon
Fedhas
Gozag
Hepliaklqana
Kikubaaqudgha
Makhleb
Nemelex Xobeh
Okawaru
Qazlal
Ru
Sif Muna
Trog
Uskayaw
Vehumet
Xom
Yredelemnul
Zin
The Shining One

Shops:
D:7 ?   D:8 *


Innate Abilities, Weirdness & Mutations

You can spit globs of acid.
You are resistant to acid.
Your golden yellow scales are hard. (AC +9)
You cannot fit into any form of body armour.
You have acidic saliva.
You are cold-blooded and may be slowed by cold attacks.
You are robust. (+10% HP)


Message History

You feel very sick.
The orb spider weaves a glowing orb of energy.
The orb of destruction hits the wolf spider.
An orb of destruction comes into view.
Blink to where?
Press: ? - help, Dir - move target cursor
As you read the scroll of blinking, it crumbles to dust.
* * * LOW HITPOINT WARNING * * *
You feel very sick.
Found a broad axe.
A moth of wrath comes into view.
Blink to where?
Press: ? - help, Dir - move target cursor
As you read the scroll of blinking, it crumbles to dust.
* * * LOW HITPOINT WARNING * * *
You feel very sick.
* * * LOW HITPOINT WARNING * * *
You feel very sick.
You climb upwards.
You die...

#### # #######^.# #
#.......#### ##......#^#^
###.......#..
######....#...^..^
###@#^#.............
#..........>.....^..
##^....#............
##.....#...#........
#^....##........^#.. ###
#......^............
#.####........#....#.....
##..#.....................
#..^#..............^......


There were no monsters in sight!

Vanquished Creatures
  Nikola (Spider:2)
  Arachne (Spider:2)
  Rupert (D:14)
  Kirke (Spider:2)
  The ghost of ceb the Spear-Bearer, an adept DsGl of Makhleb (Spider:3)
  Roxanne (D:14)
  A frost giant (D:15)
  2 emperor scorpions (Spider:4)
  An entropy weaver (Spider:3)
  The ghost of Totori the Slinger, a journeyman HaHu of Okawaru (Lair:4)
  Snorg (D:14)
  A minotaur (Lab)
  7 hydras
  4 vault guards (D:14)
  A fire dragon (Lair:6)
  2 centaur warriors
  A death knight (D:12)
  3 tengu warriors
  6 two-headed ogres
  5 death yaks (Lair:3)
  Urug (Lair:3)
  A skeletal warrior (D:11)
  An unseen horror (D:13)
  A phantasmal warrior (D:12)
  Pikel (D:5)
  2 orc knights
  21 orb spiders
  18 wolf spiders
  A lindwurm (Lair:6)
  4 deep elf magi
  An orc sorcerer (D:12)
  20 ugly things
  The ghost of Frank the Sneak, a novice OpFi (D:7)
  6 elephants
  A cyclops (D:14)
  4 centaur zombies
  A moth of wrath (Spider:3)
  Maurice (D:10)
  7 black mambas
  2 molten gargoyles (Lair:6)
  A gargoyle (D:14)
  2 torpor snails (Spider:3)
  5 spiny frogs
  4 kobold demonologists
  2 yaktaurs
  2 rime drakes (Lair:6)
  An efreet (D:14)
  10 komodo dragons
  10 demonic crawlers
  A freezing wraith (D:12)
  A tengu conjurer (D:14)
  3 trolls
  34 jumping spiders
  2 polar bears
  3 hornets
  A harpy skeleton (D:12)
  A wolf spider simulacrum (D:14)
  8 slime creatures
  15 blink frogs
  The ghost of Frank the Shield-Bearer, an amateur OpFi (D:5)
  7 hippogriffs
  A wyvern (Lair:6)
  A vampire (D:14)
  57 redbacks
  32 tarantellas
  2 wraiths
  A spriggan (D:7)
  A basilisk (shapeshifter) (D:15)
  21 yaks
  3 hogs (Spider:2)
  7 basilisks
  A steam dragon (D:11)
  3 hungry ghosts
  4 vampire mosquitoes
  The ghost of Frank the Ducker, an amateur OpFi (D:3)
  4 wargs
  An acid dragon (D:14)
  14 water moccasins
  Duvessa (D:5)
  3 hell hounds (Lair:6)
  3 porcupines
  4 sky beasts
  4 slaves (D:5)
  10 orc warriors
  An eye of draining (D:14)
  3 ice beasts
  A black bear (D:12)
  2 phantoms
  9 ogres
  A necrophage (D:8)
  17 wolves
  9 centaurs
  14 crocodiles
  8 big kobolds
  Blork the orc (D:5)
  15 bullfrogs
  Dowan (D:5)
  A wyvern skeleton (D:14)
  3 scorpions
  A water moccasin skeleton (D:11)
  14 killer bees
  10 wights
  2 howler monkeys
  10 electric eels
  4 crimson imps
  5 lava snakes (Lair:6)
  4 bullfrog zombies
  5 quasits
  9 hounds
  Crazy Yiuf (D:4)
  2 jellies
  A bullfrog skeleton (D:4)
  7 orc priests
  Ijyb (D:5)
  6 centaur skeletons
  Natasha (thrice) (D:3)
  8 iguanas
  10 orc wizards
  5 worker ants
  A killer bee zombie (D:10)
  A hound zombie (D:6)
  A hound skeleton (D:8)
  A worker ant zombie (D:9)
  12 adders
  4 gnolls (D:3)
  3 shadow imps
  2 adder zombies
  5 oozes
  3 worms
  2 dart slugs (D:3)
  5 leopard geckos
  37 orcs
  6 giant cockroaches
  11 hobgoblins
  11 jackals
  6 quokkas
  4 ball pythons
  10 bats
  6 frilled lizards
  11 goblins
  34 kobolds
  2 leopard gecko skeletons (D:4)
  A quokka skeleton (D:9)
  17 rats
  A plant (Lair:4)
821 creatures vanquished.

Vanquished Creatures (collateral kills)
  2 orb spiders (Spider:4)
  A jumping spider (Spider:4)
3 creatures vanquished.

Vanquished Creatures (others)
  A wolf spider (Spider:1)
1 creature vanquished.

Grand Total: 825 creatures vanquished

Notes
Turn   | Place    | Note
-------+----------+-------------------------------------------
     0 | D:1      | Somber the Draconian Berserker began the quest for the Orb.
     0 | D:1      | Reached XP level 1. HP: 19/19 MP: 1/1
   134 | D:1      | Reached XP level 2. HP: 19/26 MP: 2/2
   855 | D:2      | Reached XP level 3. HP: 30/33 MP: 3/3
   857 | D:2      | Reached ** piety under Trog
   900 | D:2      | Found a shadowy altar of Dithmenos.
  1182 | D:2      | Found a shimmering altar of Xom.
  1197 | D:2      | Reached XP level 4. HP: 41/41 MP: 4/4
  1559 | D:2      | Found a glowing golden altar of the Shining One.
  1969 | D:3      | Noticed Natasha
  1976 | D:3      | Killed Natasha
  1976 | D:3      | Reached skill level 5 in Fighting
  1994 | D:3      | Reached XP level 5. HP: 48/48 MP: 5/5
  2085 | D:3      | Noticed Frank's ghost (amateur OpFi)
  2383 | D:3      | Killed Frank's ghost
  2383 | D:3      | Reached XP level 6. HP: 57/57 MP: 6/6
  2435 | D:3      | Noticed Natasha
  2444 | D:3      | Reached *** piety under Trog
  2446 | D:3      | Killed Natasha
  2487 | D:3      | Noticed Natasha
  2494 | D:3      | Killed Natasha
  3225 | D:4      | Your scales start taking on a golden yellow colour.
  3225 | D:4      | Reached XP level 7. HP: 39/63 MP: 7/7
  3435 | D:4      | Found a runed door.
  3554 | D:4      | Reached skill level 5 in Axes
  3554 | D:4      | Reached skill level 5 in Dodging
  3660 | D:4      | Noticed Crazy Yiuf
  3664 | D:4      | Killed Crazy Yiuf
  3722 | D:5      | Entered Level 5 of the Dungeon
  3750 | D:5      | Noticed Frank's ghost (amateur OpFi)
  3758 | D:5      | Killed Frank's ghost
  3830 | D:5      | Noticed Ijyb
  3834 | D:5      | Noticed Blork the orc
  3847 | D:5      | Killed Ijyb
  3849 | D:5      | Killed Blork the orc
  3849 | D:5      | Reached **** piety under Trog
  3849 | D:5      | Reached XP level 8. HP: 49/70 MP: 8/8
  4047 | D:5      | Found a radiant altar of Vehumet.
  4365 | D:5      | Noticed Pikel
  4383 | D:5      | Killed Pikel
  4417 | D:5      | Noticed Duvessa
  4418 | D:5      | Noticed Dowan
  4427 | D:5      | Killed Duvessa
  4444 | D:5      | Killed Dowan
  4917 | D:6      | Found a staircase to the Ecumenical Temple.
  5038 | D:6      | Reached XP level 9. HP: 72/75 MP: 9/9
  5140 | D:6      | Found a glowing drain.
  5145 | Sewer    | Entered a sewer
  5219 | Sewer    | Reached ***** piety under Trog
  5554 | D:6      | Found a hide-covered altar of Uskayaw.
  5915 | D:6      | Gained mutation: You have a pair of small horns on your head. [mutagenic meat]
  5916 | D:6      | Gained mutation: You are robust. (+10% HP) [mutagenic meat]
  5917 | D:6      | Lost mutation: You have a pair of small horns on your head. [mutagenic meat]
  6053 | Temple   | Entered the Ecumenical Temple
  6305 | D:7      | Noticed Frank's ghost (novice OpFi)
  6315 | D:7      | Killed Frank's ghost
  6432 | D:7      | Found Xanefemiu's Magic Scroll Emporium.
  6439 | D:7      | Bought a scroll of identify for 28 gold pieces
  6439 | D:7      | Bought a scroll of identify for 28 gold pieces
  6706 | D:7      | Received a gift from Trog
  6745 | D:7      | Reached XP level 10. HP: 100/102 MP: 3/10
  6929 | D:7      | Reached skill level 10 in Fighting
  7203 | D:8      | Found Dualausuh's Demolitions Depot.
  7331 | D:8      | Found a sacrificial altar of Ru.
  7373 | D:8      | Noticed a two-headed ogre
  7382 | D:8      | Killed a two-headed ogre
  7871 | D:8      | Found a blossoming altar of Fedhas.
  7946 | D:8      | Found a basalt altar of Yredelemnul.
  8000 | D:9      | Noticed a two-headed ogre
  8006 | D:9      | Killed a two-headed ogre
  8022 | D:9      | Found an ancient bone altar of Kikubaaqudgha.
  8099 | D:9      | Received a gift from Trog
  8618 | D:10     | Entered Level 10 of the Dungeon
  8660 | D:10     | Reached skill level 10 in Axes
  8713 | D:10     | Found a staircase to the Lair.
  8725 | D:10     | Reached XP level 11. HP: 94/112 MP: 3/11
  8805 | D:10     | Identified a scroll of acquirement
  8808 | D:10     | Got a pair of bloodstained gloves
  8820 | D:10     | Identified the +0 pair of gloves of Creativity {rF+ MR- Dex+5} (You acquired it on level 10 of the Dungeon)
  8842 | D:10     | Found a bloodstained altar of Trog.
  8864 | D:10     | Noticed a two-headed ogre
  8873 | D:10     | Killed a two-headed ogre
  8878 | D:10     | Noticed a two-headed ogre
  8885 | D:10     | Killed a two-headed ogre
  8900 | D:10     | Noticed Maurice
  8923 | D:10     | Killed Maurice
  9118 | D:10     | Found a sparkling altar of Nemelex Xobeh.
  9205 | D:10     | Noticed a deep elf mage
  9213 | D:10     | Killed a deep elf mage
  9475 | D:11     | Found a labyrinth entrance.
  9485 | Lab      | Entered a labyrinth
 10204 | Lab      | Noticed a minotaur
 10212 | Lab      | Killed a minotaur
 10223 | Lab      | Got a transparent hat
 10225 | Lab      | Identified the cursed +0 hat of Wisdom {rPois Regen+ Int-2 Dex+6} (You found it in a labyrinth)
 10317 | D:11     | Noticed a skeletal warrior
 10330 | D:11     | Killed a skeletal warrior
 10370 | D:11     | Noticed a brown ugly thing
 10376 | D:11     | Killed a brown ugly thing
 10376 | D:11     | Received a gift from Trog
 10560 | D:11     | Noticed a five-headed hydra
 10569 | D:11     | Killed an eight-headed hydra
 11219 | D:11     | Reached ****** piety under Trog
 11491 | D:12     | Reached XP level 12. HP: 118/121 MP: 12/12
 11545 | D:12     | Found a staircase to the Orcish Mines.
 11792 | D:12     | Noticed a two-headed ogre
 11796 | D:12     | Killed a two-headed ogre
 11852 | D:12     | Reached skill level 15 in Axes
 12613 | D:13     | Noticed a two-headed ogre
 12617 | D:13     | Killed a two-headed ogre
 12786 | D:13     | Noticed a centaur warrior
 12792 | D:13     | Killed a centaur warrior
 12870 | D:14     | Noticed a tengu warrior
 12880 | D:14     | Killed a tengu warrior
 12883 | D:14     | Reached XP level 13. HP: 111/127 MP: 8/13
 13003 | D:14     | Noticed Roxanne
 13011 | D:14     | Killed Roxanne
 13012 | D:14     | Identified Roxanne's Collected Works on Clay (You took it off Roxanne on level 14 of the Dungeon)
 13119 | D:14     | Noticed Rupert
 13119 | D:14     | Paralysed by Rupert for 4 turns
 13125 | D:14     | Killed Rupert
 13335 | D:14     | Received a gift from Trog
 13431 | D:14     | Found a gate to the Vaults.
 13638 | D:14     | Noticed Snorg
 13651 | D:14     | Killed Snorg
 13941 | D:15     | Entered Level 15 of the Dungeon
 14316 | D:15     | Gained mutation: You have acidic saliva. [Yellow Draconian growth]
 14316 | D:15     | Reached XP level 14. HP: 136/136 MP: 14/14
 14540 | D:15     | Noticed a frost giant
 14550 | D:15     | Killed a frost giant
 14551 | D:15     | Found a staircase to the Depths.
 14698 | D:12     | Received a gift from Trog
 14793 | Lair:1   | Entered Level 1 of the Lair of Beasts
 14946 | Lair:1   | Found a shattered altar of Ashenzari.
 16242 | Lair:3   | Noticed Urug
 16254 | Lair:3   | Killed Urug
 16360 | Lair:3   | Found a hole to the Spider Nest.
 17128 | Lair:4   | Noticed Totori's ghost (journeyman HaHu)
 17146 | Lair:4   | Killed Totori's ghost
 17342 | Lair:4   | Found a staircase to the Shoals.
 18673 | Lair:5   | Found a staircase to the Slime Pits.
 18821 | Lair:6   | Entered Level 6 of the Lair of Beasts
 18836 | Lair:6   | Reached XP level 15. HP: 139/152 MP: 12/15
 19143 | Lair:6   | Received a gift from Trog
 19154 | Lair:6   | Got a smoking battleaxe {god gift}
 19156 | Lair:6   | Identified the +1 battleaxe "Lilalesi" {holy, +Fly rPois rC+} (Trog gifted it to you on level 6 of the Lair of Beasts)
 19230 | Lair:6   | Reached skill level 15 in Fighting
 19248 | Lair:6   | Found a large runed door.
 19249 | Lair:6   | Found a large runed door.
 20268 | Spider:1 | Entered Level 1 of the Spider Nest
 20468 | Spider:1 | HP: 6/158 [disintegration (36)]
 21009 | Spider:1 | Received a gift from Trog
 21213 | Spider:1 | Received a gift from Trog
 21972 | Spider:2 | Noticed Nikola
 21986 | Spider:2 | Killed Nikola
 22200 | Spider:2 | Noticed Arachne
 22211 | Spider:2 | Killed Arachne
 22361 | Spider:2 | Noticed Kirke
 22365 | Spider:2 | Reached XP level 16. HP: 172/172 MP: 16/16
 22369 | Spider:2 | Killed Kirke
 22664 | Spider:3 | Noticed ceb's ghost (adept DsGl)
 22681 | Spider:3 | Killed ceb's ghost
 23520 | Spider:4 | Entered Level 4 of the Spider Nest
 23556 | Spider:4 | Received a gift from Trog
 23677 | Spider:4 | Got a fine executioner's axe {god gift}
 23678 | Spider:4 | Identified the +5 executioner's axe of Trog's Brutal Revenge {venom, rPois SInv} (Trog gifted it to you on level 4 of the Spider Nest)
 23983 | Spider:4 | HP: 6/179 [poisoned by a wolf spider]
 23985 | Spider:3 | Succumbed to a wolf spider's poison

Skill      XL: |  1  2  3  4  5  6  7  8  9 10 11 12 13 14 15 16 |
---------------+-------------------------------------------------+-----
Dodging        | 3 4 6 8 9 |  9.0
Fighting       | 4 5 6 9 11 14 18 20 | 20.2
Axes           | 4 5 7 10 13 16 19 20 | 20.0

Action                   |  1- 3 |  4- 6 |  7- 9 | 10-12 | 13-15 | 16-18 || total
-------------------------+-------+-------+-------+-------+-------+-------++-------
Melee: Hand axe          |   100 |   239 |   342 |       |       |       ||   681
       Tailslap          |    14 |    33 |    55 |    75 |   141 |    34 ||   352
       Battleaxe         |       |       |     2 |   387 |   258 |   141 ||   788
       Executioner's axe |       |       |       |       |   414 |    39 ||   453
       Bite              |       |       |       |       |    89 |    31 ||   120
Invok: Berserk           |       |     2 |     8 |     5 |    15 |     5 ||    35
       Burn Spellbooks   |       |       |       |     3 |     3 |       ||     6
       Trog's Hand       |       |       |       |       |     1 |       ||     1
       Brothers in Arms  |       |       |       |       |       |     1 ||     1
 Abil: Breathe Acid      |       |       |     1 |     3 |     1 |       ||     5
Evoke: Wand              |       |       |       |     1 |       |       ||     1
  Use: Scroll            |     5 |     4 |     7 |    16 |    13 |     5 ||    50
       Potion            |       |       |       |       |     4 |     7 ||    11
 Stab: Sleeping          |       |     1 |     1 |     3 |     8 |       ||    13
       Distracted        |       |       |       |     1 |     4 |     1 ||     6
  Eat: Chunk             |     1 |     4 |    19 |    10 |    22 |     4 ||    60
       Bread ration      |       |     1 |     1 |     3 |     4 |     1 ||    10
       Fruit             |       |       |       |       |     4 |       ||     4
       Meat ration       |       |       |       |       |     2 |       ||     2
Armor: Skin              |    43 |    83 |    84 |   132 |   144 |    70 ||   556
Dodge: Dodged            |    83 |   179 |   216 |   361 |   496 |   169 ||  1504
Block: Other             |       |       |       |    21 |   135 |    41 ||   197
       Reflection        |       |       |       |     2 |     3 |       ||     5
